 Dungeon Crawl Stone Soup version 0.23.2 (webtiles) character file.

Game seed: 6773673447197274461

104 Kairos the Skirmisher (level 5, -3/42 HPs)
             Began as a Formicid Abyssal Knight on Apr 10, 2019.
             Was a Follower of Lugonu.
             Slain by an orc
             ... wielding a +0 flail of crushing
              (10 damage)
             ... on level 4 of the Dungeon.
             The game lasted 00:02:59 (1880 turns).

Kairos the Skirmisher (Formicid Abyssal Knight)     Turns: 1880, Time: 00:02:59

Health: -3/42      AC:  6    Str: 18    XL:     5   Next: 7%
Magic:  6/6        EV: 16    Int: 11    God:    Lugonu [*.....]
Gold:   35         SH:  0    Dex: 15    Spells: 4/4 levels left

rFire    . . .     SeeInvis +   a - +1 spear
rCold    . . .     Gourm    +   (no shield)
rNeg     . . .     Faith    .   d - +1 ring mail {rPois}
rPois    +         Spirit   .   (helmet unavailable)
rElec    .         Reflect  .   (no cloak)
rCorr    .         Harm     .   (no gloves)
MR       .....                  (no boots)
Stlth    ++........             g - amulet of the gourmand
HPRegen  0.14/turn              (no ring)
MPRegen  0.10/turn              (no ring)

@: agile
A: permanent stasis, dig shafts and tunnels, four strong arms, antennae 3,
blurry vision 1, evolution 1, MP-powered wands
a: Dig, Shaft Self, Depart the Abyss, Renounce Religion


You were on level 4 of the Dungeon.
You worshipped Lugonu.
Lugonu was aware of your devotion.
You were not hungry.

You visited 1 branch of the dungeon, and saw 3 of its levels.
You visited the Abyss 1 time.

You collected 35 gold pieces.

Inventory:

Hand Weapons
 a - a +1 spear (weapon)
 f - a +0 flail of holy wrath
Armour
 b - a +0 leather armour
 d - a +1 ring mail of poison resistance (worn)
Jewellery
 g - an amulet of the gourmand (around neck)
Scrolls
 j - a scroll of magic mapping {unknown}
 k - a scroll of fear {unknown}
 n - a scroll of amnesia {unknown}
Potions
 e - a potion of curing
 l - a potion of magic {unknown}
Comestibles
 c - 3 rations


   Skills:
 + Level 4.3 Fighting
 + Level 3.2 Polearms
 + Level 3.0 Armour
 + Level 1.0 Dodging
 + Level 0.8 Stealth
 + Level 2.5 Invocations


You had 4 spell levels left.
You didn't know any spells.
Your spell library was empty.

Dungeon Overview and Level Annotations

Branches:
Dungeon (2/15)

Altars:
Nemelex Xobeh

Annotations:
D:2 Terence


Innate Abilities, Weirdness & Mutations

You cannot be hasted, slowed, berserked, paralysed or teleported.
You can dig through walls and to a lower floor.
Your four strong arms can wield two-handed weapons with a shield.
You have a pair of large antennae on your head. (SInv)
Scrolls take you a little longer to read.
You evolve.
You expend magic power (3 MP) to strengthen your wands.


Message History

You hit the orc but do no damage.
The orc is severely wounded.
The orc closely misses you.
You hit the orc but do no damage.
The orc is severely wounded.
The orc barely misses you.
You hit the orc but do no damage.
The orc is severely wounded.
The orc hits you with a +0 flail of crushing.
* * * LOW HITPOINT WARNING * * *
x2 You hit the orc but do no damage.
The orc is severely wounded.
You closely miss the orc.
The orc is severely wounded.
The orc hits you with a +0 flail of crushing.
* * * LOW HITPOINT WARNING * * *
x2 You completely miss the orc.
The orc is severely wounded.
The orc hits you with a +0 flail of crushing!
You die...

.............#.#
.#.#.#.#o#.#.#..#
.........{.o....#
.#.#.#.#.#.#..##
#..............#
#..#.#(#.#o#..##
.#......o....#
...#.#.#.#..#####
..##.......#.#
#@## .
##.###....####o#
#.###.##.#.#.##
.#.##.....###.#.##
.........## #####
#.####.## #.# #.#
#.#


You could see an orc.

Vanquished Creatures
  An orc priest (D:4)
  An iguana (D:4)
  An orc wizard (D:4)
  A dart slug (D:1)
  An orc (D:4)
  2 ball pythons
  2 bats (D:1)
  A giant cockroach (D:1)
  6 goblins (D:1)
  2 hobgoblins (D:1)
  A kobold (D:2)
  4 rats (D:1)
23 creatures vanquished.

Notes
Turn   | Place    | Note
-------+----------+-------------------------------------------
     0 | Abyss:1  | Kairos the Formicid Abyssal Knight began the quest for the
                  | Orb.
     0 | Abyss:1  | Reached XP level 1. HP: 18/18 MP: 2/2
    60 | Abyss:2  | Found a corrupted altar of Lugonu.
    63 | Abyss:2  | Noticed a smoke demon
    91 | Abyss:2  | Noticed a phantasmal warrior
   125 | Abyss:3  | Noticed an orange demon
   125 | Abyss:3  | Noticed a starcursed mass
   143 | Abyss:3  | Noticed an insubstantial wisp
   154 | Abyss:3  | Noticed a small abomination
   154 | Abyss:3  | Noticed an ancient zyme
   154 | Abyss:3  | Noticed a thrashing horror
   154 | Abyss:3  | Noticed a ynoxinul
   158 | D:1      | Escaped the Abyss
   216 | D:1      | Reached XP level 2. HP: 18/24 MP: 3/3
   241 | D:1      | Reached * piety under Lugonu
   607 | D:1      | Reached XP level 3. HP: 30/30 MP: 4/4
   732 | D:1      | Gained mutation: You are frail. (-10% HP) [potion of
                  | mutation]
   732 | D:1      | Lost mutation: You are frail. (-10% HP) [potion of
                  | mutation]
   733 | D:1      | Gained mutation: Scrolls take you a little longer to read.
                  | [potion of mutation]
   733 | D:1      | Gained mutation: You evolve. [potion of mutation]
   749 | D:1      | Gained mutation: You expend magic power (3 MP) to
                  | strengthen your wands. [evolution]
   775 | D:2      | Noticed Terence
  1228 | D:2      | Found a sparkling altar of Nemelex Xobeh.
  1243 | D:2      | You fall through a shaft for 2 floors!
  1267 | D:4      | Reached skill level 4 in Fighting
  1267 | D:4      | Reached XP level 4. HP: 6/37 MP: 5/5
  1863 | D:4      | Reached skill level 1 in Dodging
  1868 | D:4      | Reached XP level 5. HP: 16/42 MP: 6/6
  1880 | D:4      | Slain by an orc

Skill      XL: |  1  2  3  4 |
---------------+-------------+-----
Fighting       | 4 |  4.3
Polearms       | 3 |  3.2
Dodging        | 1 |  1.0
Armour         | 3 |  3.0
Stealth        | |  0.8
Invocations    | |  2.5

Action                   |  1- 3 |  4- 6 || total
-------------------------+-------+-------++-------
Melee: Spear             |    53 |    25 ||    78
Invok: Depart the Abyss  |     1 |       ||     1
 Abil: Dig               |       |     1 ||     1
  Use: Scroll            |     2 |       ||     2
       Potion            |     2 |     3 ||     5
  Eat: Chunk             |       |     3 ||     3
Armor: Ring mail         |     5 |     4 ||     9
Dodge: Dodged            |    18 |    11 ||    29
